PBL
TROIS-RIVERES AIGLES @ HAMILTON CARDINALS
08/22/2048
 
TOP OF THE 1ST
Trois-Riveres Aigles batting - Pitching for Hamilton Cardinals : RHP Joaquin Gonzales
Pitching: RHP Joaquin Gonzales
Batting: RHB Luis Jara 0-0: Bunt for hit to 25 - play at first, batter OUT! 5-3
Batting: RHB Sandoval Serzedelo 0-0: Ball
1-0: Ball
2-0: Ball
3-0: Base on Balls
Batting: RHB Toshikatsu Omori 0-0: Ball
1-0: Called Strike
1-1: Swinging Strike
1-2: Ball
2-2: Foul Ball, location: 2F
2-2: Ball
3-2: Foul Ball, location: 2F
3-2: Base on Balls
Sandoval Serzedelo to second
Batting: LHB Ian Cranton 0-0: Ball
1-0: Ball
2-0: Swinging Strike
2-1: Ball
3-1: Swinging Strike
3-2: Base on Balls
Sandoval Serzedelo to third
Toshikatsu Omori to second
Batting: RHB Chris Davis 0-0: Ball
1-0: Swinging Strike
1-1: Ball
2-1: Ball
3-1: Called Strike
3-2: Strikes out looking
Batting: RHB Alistair Holmes 0-0: Ball
1-0: Ball
2-0: Swinging Strike
2-1: Foul Ball, location: 2F
2-2: Ground out 3-1 (Groundball, 34S, EV 85.6 MPH)
Top of the 1st over - 0 runs, 0 hits, 0 errors, 3 left on base; Trois-Riveres 0 - Hamilton 0
BOTTOM OF THE 1ST
Hamilton Cardinals batting - Pitching for Trois-Riveres Aigles : LHP John Sylvester
Pitching: LHP John Sylvester
Batting: SHB Kelly Brooks 0-0: Called Strike
0-1: Ball
1-1: Ball
2-1: Ground out 5-3 (Groundball, 5S, EV 91.2 MPH)
Batting: LHB Rafael Banda 0-0: Called Strike
0-1: Ball
1-1: Fly out, F8 (Flyball, 8RD, EV 96.9 MPH)
Batting: RHB Shou-feng Chang 0-0: Ground out 5-3 (Groundball, 5, EV 90.6 MPH)
Bottom of the 1st over - 0 runs, 0 hits, 0 errors, 0 left on base; Trois-Riveres 0 - Hamilton 0
TOP OF THE 2ND
Trois-Riveres Aigles batting - Pitching for Hamilton Cardinals : RHP Joaquin Gonzales
Batting: RHB George Connell 0-0: Ball
1-0: Ground out 6-3 (Groundball, 6, EV 86.2 MPH)
Batting: RHB Gilbert Hoareau 0-0: Called Strike
0-1: Swinging Strike
0-2: Foul Ball, location: 2F
0-2: Strikes out swinging
Batting: RHB Ben Saxton 0-0: Called Strike
0-1: Ball
1-1: Foul Ball, location: 2F
1-2: Reached on error, E6 (Groundball, 6D, EV 78.1 MPH)
Batting: RHB Luis Jara 0-0: Ball
1-0: Ball
2-0: Foul Ball, location: 2F
2-1: Ball
3-1: Base on Balls
Batting: RHB Sandoval Serzedelo 0-0: Foul Ball, location: 2F
0-1: Ball
1-1: Swinging Strike
1-2: Foul Ball, location: 2F
1-2: Strikes out swinging
Top of the 2nd over - 0 runs, 0 hits, 1 error, 2 left on base; Trois-Riveres 0 - Hamilton 0
BOTTOM OF THE 2ND
Hamilton Cardinals batting - Pitching for Trois-Riveres Aigles : LHP John Sylvester
Batting: SHB J.T. Ready 0-0: Ball
1-0: Called Strike
1-1: Swinging Strike
1-2: Ball
2-2: Strikes out swinging
Batting: LHB Pete Mitchell 0-0: Foul Ball, location: 2F
0-1: Called Strike
0-2: Strikes out swinging
Batting: RHB Kyle Franken 0-0: Ball
1-0: Ball
2-0: Ball
3-0: Called Strike
3-1: Called Strike
3-2: Strikes out swinging
Bottom of the 2nd over - 0 runs, 0 hits, 0 errors, 0 left on base; Trois-Riveres 0 - Hamilton 0
TOP OF THE 3RD
Trois-Riveres Aigles batting - Pitching for Hamilton Cardinals : RHP Joaquin Gonzales
Batting: RHB Toshikatsu Omori 0-0: Ball
1-0: Ball
2-0: Ball
3-0: Called Strike
3-1: Base on Balls
Batting: LHB Ian Cranton 0-0: Called Strike
0-1: Ball
1-1: Foul Ball, location: 2F
1-2: Ball
2-2: Foul Ball, location: 2F
2-2: Ball
3-2: DOUBLE (Line Drive, 9LS, EV 108.1 MPH)
Toshikatsu Omori to third
Batting: RHB Chris Davis 0-0: Ball
1-0: Foul Ball, location: 2F
1-1: SINGLE (Flyball, 8RS, EV 93.1 MPH)
Toshikatsu Omori scores
Ian Cranton to third
Runner from 3rd tries for Home, SAFE, throw by CF to home
Batting: RHB Alistair Holmes 0-0: Fly out, F7 (Flyball, 7D, EV 104.4 MPH)
Batting: RHB George Connell 0-0: Ball
1-0: Ball
2-0: Called Strike
2-1: Foul Ball, location: 2F
2-2: Foul Ball, location: 2F
2-2: Strikes out looking
Batting: RHB Gilbert Hoareau 0-0: Ball
1-0: Foul Ball, location: 2F
1-1: Ball
2-1: Called Strike
2-2: Ball
3-2: Base on Balls
Chris Davis to second
Batting: RHB Ben Saxton 0-0: Ball
1-0: Foul Ball, location: 2F
1-1: Swinging Strike
1-2: Foul Ball, location: 2F
1-2: Strikes out swinging
Top of the 3rd over - 2 runs, 2 hits, 0 errors, 2 left on base; Trois-Riveres 2 - Hamilton 0
BOTTOM OF THE 3RD
Hamilton Cardinals batting - Pitching for Trois-Riveres Aigles : LHP John Sylvester
Batting: SHB Brad Meyer 0-0: Ball
1-0: Called Strike
1-1: Fly out, F8 (Flyball, 8RXD, EV 89.4 MPH)
Batting: SHB Felipe Campanella 0-0: Ball
1-0: SINGLE (Groundball, 56D, EV 96.2 MPH)
Batting: RHB Oscar Higareda 0-0: Called Strike
0-1: Swinging Strike
0-2: Ball
1-2: Strikes out swinging
Felipe Campanella is caught stealing 2nd base 2-4
Batter strikes out.
Bottom of the 3rd over - 0 runs, 1 hit, 0 errors, 0 left on base; Trois-Riveres 2 - Hamilton 0
TOP OF THE 4TH
Trois-Riveres Aigles batting - Pitching for Hamilton Cardinals : RHP Joaquin Gonzales
Batting: RHB Luis Jara 0-0: Called Strike
0-1: Ball
1-1: Ball
2-1: Fly out, F9 (Flyball, 9, EV 84.4 MPH)
Batting: RHB Sandoval Serzedelo 0-0: SINGLE (Groundball, 6D, EV 100.6 MPH)
Batting: RHB Toshikatsu Omori 0-0: Swinging Strike
0-1: Ball
1-1: Fly out, F8 (Line Drive, 8RM, EV 98.8 MPH)
Batting: LHB Ian Cranton 0-0: Ball
1-0: Called Strike
1-1: Foul Ball, location: 2F
1-2: Foul Ball, location: 2F
1-2: Fielders Choice at 2nd, 5-4 (Groundball, 5, EV 86.2 MPH)
Top of the 4th over - 0 runs, 1 hit, 0 errors, 1 left on base; Trois-Riveres 2 - Hamilton 0
BOTTOM OF THE 4TH
Hamilton Cardinals batting - Pitching for Trois-Riveres Aigles : LHP John Sylvester
Batting: SHB Kelly Brooks 0-0: Ball
1-0: Called Strike
1-1: Ball
2-1: Swinging Strike
2-2: Fly out, F8 (Flyball, 8LXD, EV 103.1 MPH)
Batting: LHB Rafael Banda 0-0: Foul Ball, location: 2F
0-1: Fly out, F7 (Flyball, 7LS, EV 88.1 MPH)
Batting: RHB Shou-feng Chang 0-0: Ball
1-0: Ball
2-0: Called Strike
2-1: Ball
3-1: Foul Ball, location: 2F
3-2: Ground out 6-3 (Groundball, 6, EV 99.4 MPH)
Bottom of the 4th over - 0 runs, 0 hits, 0 errors, 0 left on base; Trois-Riveres 2 - Hamilton 0
TOP OF THE 5TH
Trois-Riveres Aigles batting - Pitching for Hamilton Cardinals : RHP Joaquin Gonzales
Batting: RHB Chris Davis 0-0: Swinging Strike
0-1: Foul Ball, location: 2F
0-2: Ball
1-2: Strikes out swinging
Batting: RHB Alistair Holmes 0-0: Called Strike
0-1: Ball
1-1: Ball
2-1: Ball
3-1: Base on Balls
Batting: RHB George Connell 0-0: Called Strike
0-1: Swinging Strike
0-2: Foul Ball, location: 2F
0-2: Ball
1-2: Ball
2-2: Ball
3-2: Base on Balls
Alistair Holmes to second
Pitching: RHP Tom Gordam
Batting: RHB Gilbert Hoareau 0-0: Ball
1-0: Swinging Strike
1-1: Called Strike
1-2: Ball
2-2: Strikes out swinging
Batting: RHB Ben Saxton 0-0: Foul Ball, location: 2F
0-1: Called Strike
0-2: Strikes out swinging
Top of the 5th over - 0 runs, 0 hits, 0 errors, 2 left on base; Trois-Riveres 2 - Hamilton 0
BOTTOM OF THE 5TH
Hamilton Cardinals batting - Pitching for Trois-Riveres Aigles : LHP John Sylvester
Batting: SHB J.T. Ready 0-0: Ground out 6-3 (Groundball, 6S, EV 91.2 MPH)
Batting: LHB Pete Mitchell 0-0: Ball
1-0: Called Strike
1-1: SINGLE (Groundball, 6MD, EV 105.0 MPH)
Batting: RHB Kyle Franken 0-0: Called Strike
0-1: Ball
1-1: Ball
2-1: Swinging Strike
2-2: Foul Ball, location: 2F
2-2: Foul Ball, location: 2F
2-2: Ball
3-2: Foul Ball, location: 2F
3-2: Fly out, F8 (Flyball, 89S, EV 86.2 MPH)
Batting: SHB Brad Meyer 0-0: Ball
1-0: Ball
2-0: Foul Ball, location: 2F
2-1: Ball
3-1: Foul Ball, location: 2F
3-2: Strikes out swinging
Bottom of the 5th over - 0 runs, 1 hit, 0 errors, 1 left on base; Trois-Riveres 2 - Hamilton 0
TOP OF THE 6TH
Trois-Riveres Aigles batting - Pitching for Hamilton Cardinals : RHP Tom Gordam
Batting: RHB Luis Jara 0-0: Foul Ball, location: 2F
0-1: Ball
1-1: Ball
2-1: Ground out 6-3 (Groundball, 6M, EV 83.8 MPH)
Batting: RHB Sandoval Serzedelo 0-0: Ball
1-0: Fly out, F8 (Flyball, 89M, EV 90.0 MPH)
Batting: RHB Toshikatsu Omori 0-0: Called Strike
0-1: Foul Ball, location: 2F
0-2: Ball
1-2: Strikes out swinging
Top of the 6th over - 0 runs, 0 hits, 0 errors, 0 left on base; Trois-Riveres 2 - Hamilton 0
BOTTOM OF THE 6TH
Hamilton Cardinals batting - Pitching for Trois-Riveres Aigles : LHP John Sylvester
Batting: SHB Felipe Campanella 0-0: Ball
1-0: Ball
2-0: Swinging Strike
2-1: Foul Ball, location: 2F
2-2: Strikes out swinging
Batting: RHB Oscar Higareda 0-0: Ball
1-0: Called Strike
1-1: Swinging Strike
1-2: Strikes out swinging
Batting: SHB Kelly Brooks 0-0: Ball
1-0: Foul Ball, location: 2F
1-1: Fly out, F9 (Flyball, 9LM, EV 85.6 MPH)
Bottom of the 6th over - 0 runs, 0 hits, 0 errors, 0 left on base; Trois-Riveres 2 - Hamilton 0
TOP OF THE 7TH
Trois-Riveres Aigles batting - Pitching for Hamilton Cardinals : RHP Tom Gordam
Batting: LHB Ian Cranton 0-0: Ball
1-0: Fly out, F9 (Flyball, 9S, EV 86.9 MPH)
Batting: RHB Chris Davis 0-0: Foul Ball, location: 2F
0-1: Called Strike
0-2: Strikes out swinging
Batting: RHB Alistair Holmes 0-0: Ball
1-0: Foul Ball, location: 2F
1-1: Fly out, F6 (Popup, 56, EV 58.1 MPH)
Top of the 7th over - 0 runs, 0 hits, 0 errors, 0 left on base; Trois-Riveres 2 - Hamilton 0
BOTTOM OF THE 7TH
Hamilton Cardinals batting - Pitching for Trois-Riveres Aigles : LHP John Sylvester
Batting: LHB Rafael Banda 0-0: Ball
1-0: Called Strike
1-1: Ball
2-1: Fly out, F6 (Popup, 6MS, EV 64.4 MPH)
Batting: RHB Shou-feng Chang 0-0: SINGLE (Line Drive, 9LS, EV 106.2 MPH)
Batting: SHB J.T. Ready 0-0: Ball
1-0: Ball
2-0: Fielders Choice at 2nd, 5-4 (Groundball, 56S, EV 84.4 MPH)
Batting: LHB Pete Mitchell 0-0: Called Strike
0-1: Ball
1-1: Ball
2-1: Foul Ball, location: 2F
2-2: Ball
3-2: Strikes out looking
Bottom of the 7th over - 0 runs, 1 hit, 0 errors, 1 left on base; Trois-Riveres 2 - Hamilton 0
TOP OF THE 8TH
Trois-Riveres Aigles batting - Pitching for Hamilton Cardinals : RHP Tom Gordam
Pinch Hitting: RHB Gabe Wilcoxon 0-0: Swinging Strike
0-1: Ball
1-1: Foul Ball, location: 2F
1-2: Ball
2-2: Strikes out looking
Batting: RHB Gilbert Hoareau 0-0: Called Strike
0-1: Foul Ball, location: 2F
0-2: SINGLE (Groundball, 15S, EV 70.6 MPH) (infield hit)
Batting: RHB Ben Saxton 0-0: Ball
1-0: Fly out, F9 (Flyball, 89S, EV 91.2 MPH)
Batting: RHB Luis Jara 0-0: Ball
1-0: Fly out, F3 (Popup, 3L, EV 75.6 MPH)
Top of the 8th over - 0 runs, 1 hit, 0 errors, 1 left on base; Trois-Riveres 2 - Hamilton 0
BOTTOM OF THE 8TH
Hamilton Cardinals batting - Pitching for Trois-Riveres Aigles : LHP John Sylvester
Now at 2B: Jeff Standridge
Batting: RHB Kyle Franken 0-0: Ball
1-0: Ball
2-0: Swinging Strike
2-1: Ball
3-1: Swinging Strike
3-2: Foul Ball, location: 2F
3-2: Foul Ball, location: 2F
3-2: Foul Ball, location: 2F
3-2: Base on Balls
Batting: RHB Arnold Schuler 0-0: Foul Ball, location: 2F
0-1: Foul Ball, location: 2F
0-2: Foul Ball, location: 2F
0-2: Ball
1-2: Ball
2-2: Fielders Choice at 2nd, 3-6 (Groundball, 34S, EV 81.2 MPH)
Pinch Hitting: RHB Dan Wages 0-0: Ball
1-0: Ball
2-0: Ball
3-0: Called Strike
3-1: Foul Ball, location: 2F
3-2: Foul Ball, location: 2F
3-2: Foul Ball, location: 2F
3-2: Strikes out swinging
Batting: RHB Oscar Higareda 0-0: Swinging Strike
0-1: Swinging Strike
0-2: Strikes out looking
Bottom of the 8th over - 0 runs, 0 hits, 0 errors, 1 left on base; Trois-Riveres 2 - Hamilton 0
TOP OF THE 9TH
Trois-Riveres Aigles batting - Pitching for Hamilton Cardinals : RHP Tom Gordam
Pitching: RHP David Lopez
Now at SS: Dan Wages
Pinch Hitting: LHB Jonathan Watt 0-0: Ball
1-0: Swinging Strike
1-1: Ball
2-1: Foul Ball, location: 2F
2-2: Strikes out swinging
Batting: RHB Toshikatsu Omori 0-0: Swinging Strike
0-1: Ball
1-1: Swinging Strike
1-2: Ball
2-2: Ground out 6-3 (Groundball, 6, EV 80.6 MPH)
Batting: LHB Ian Cranton 0-0: Foul Ball, location: 2F
0-1: Foul Ball, location: 2F
0-2: Ball
1-2: Ball
2-2: Foul Ball, location: 2F
2-2: Foul Ball, location: 2F
2-2: Strikes out swinging
Top of the 9th over - 0 runs, 0 hits, 0 errors, 0 left on base; Trois-Riveres 2 - Hamilton 0
BOTTOM OF THE 9TH
Hamilton Cardinals batting - Pitching for Trois-Riveres Aigles : LHP John Sylvester
Pitching: RHP Vince Martinez
Now in LF: Derek Weaver
Now in CF: Micah Logan
Now in RF: Gilbert Hoareau
Batting: SHB Kelly Brooks 0-0: Called Strike
0-1: Ball
1-1: Called Strike
1-2: Strikes out looking
Batting: LHB Rafael Banda 0-0: Ball
1-0: Fly out, F8 (Flyball, 8LM, EV 75.0 MPH)
Batting: RHB Shou-feng Chang 0-0: Called Strike
0-1: Ball
1-1: Ball
2-1: Foul Ball, location: 2F
2-2: SINGLE (Line Drive, 7S, EV 88.8 MPH)
Batting: SHB J.T. Ready 0-0: Ball
1-0: Ball
2-0: Swinging Strike
2-1: Foul Ball, location: 2F
2-2: Ball
3-2: Ground out 5-3 (Groundball, 5, EV 87.5 MPH)
Bottom of the 9th over - 0 runs, 1 hit, 0 errors, 1 left on base; Trois-Riveres 2 - Hamilton 0
Tuesday, March 28th , 2023 - OOTP Baseball 23.10 Build 110